 Dungeon Crawl Stone Soup version 0.30.1-4-g462c640d31 (webtiles) character file.

Game seed: 5241658136466059701

212 safid the Chiller (level 5, -6/61 HPs)
             Began as a Merfolk Ice Elementalist on Sept 12, 2023.
             Killed from afar by Terence (7 damage)
             ... with a bolt of light
             ... on level 3 of the Dungeon.
             The game lasted 00:05:08 (2173 turns).

safid the Chiller (Merfolk Ice Elementalist)        Turns: 2173, Time: 00:05:09

Health: -6/61      AC: 26    Str:  5 (8)  XL:     5   Next: 90%
Magic:  10/10      EV:  2    Int: 15 (17) God:
Gold:   155        SH:  0    Dex: 11 (14) Spells: 3/10 levels left

rFire   . . .        p - +3 dagger
rCold   . . .        (no shield)
rNeg    . . .        a - melded +0 robe
rPois   +            (helmet currently unavailable)
rElec   .            (cloak currently unavailable)
rCorr   .            (gloves currently unavailable)
SInv    .            l - melded +0 pair of boots
Will    .....        (no amulet)
Stlth   ++           r - +4 ring of protection
HPRegen 0.30/turn    (no ring)
MPRegen 0.12/turn

%: no passive effects
@: tree-form, hasted, very quick
A: stationary, stasis, torment immunity, boosted hp, (nimble swimmer 2),
(mertail)
a: no special abilities


You were on level 3 of the Dungeon.
You were a tree.
You visited 1 branch of the dungeon, and saw 3 of its levels.

You collected 155 gold pieces.

Inventory:

Hand Weapons
 p - a +3 dagger (weapon)
Armour
 a - a +0 robe (melded)
 l - a +0 pair of boots (melded)
Jewellery
 r - a +4 ring of protection (left branch)
Scrolls
 i - 2 scrolls of identify {unknown}
 k - a scroll of acquirement {unknown}
 m - 3 scrolls of amnesia {unknown}
 o - a scroll of enchant weapon {unknown}
 q - a scroll of fog {unknown}
 s - 2 scrolls of vulnerability {unknown}
Potions
 b - a potion of magic
 f - a potion of mutation {unknown}
 g - a potion of cancellation {unknown}
 h - a potion of resistance {unknown}
 j - a potion of invisibility {unknown}
 n - a potion of haste


   Skills:
 + Level 3.3 Fighting
 - Level 2.6 Dodging
 - Level 2.1 Stealth
 + Level 3.4 Spellcasting
 + Level 5.6 Ice Magic


You had 3 spell levels left.
You knew the following spells:

 Your Spells              Type           Power      Damage    Failure   Level
a - Freeze                Ice            76%        1d8       1%          1
b - Frozen Ramparts       Ice            38%        1d6       6%          3
c - Ozocubu's Armour      Ice            19%        N/A       6%          3

Your spell library contained the following spells:

 Spells                   Type           Power      Damage    Failure   Level
 Beastly Appendage        Tmut           4%         N/A       19%         1
 Shock                    Conj/Air       8%         1d3       19%         1
 Wereblood                Tmut           2%         N/A       28%         2
 Dazzling Flash           Conj/Hex       4%         N/A       50%         3
 Spider Form              Tmut/Pois      2%         N/A       50%         3
 Swiftness                Air            2%         N/A       50%         3
 Volatile Blastmotes      Fire/Tloc      4%         2d10      50%         3
 Summon Ice Beast         Ice/Summ       11%        N/A       52%         4
 Airstrike                Air            1%         2d(1-17)  88%         4
 Iskenderun's Mystic Bla  Conj/Tloc      2%         2d3       88%         4
 Starburst                Conj/Fire      1%         6d3       100%        6


Dungeon Overview and Level Annotations

Branches:
Dungeon (3/15)

Altars:

Shops:
D:1 =

Annotations:
D:3 Terence


Innate Abilities, Weirdness & Mutations

You are a tree.
Your roots penetrate the ground, keeping you stationary.
You cannot be teleported.
You are immune to unholy pain and torment.
Your maximum health is greatly increased.
Your equipment is partially melded.
((You are very nimble when in or above water. (Stealth+, EV+, Speed+++)))
((Your lower body shifts to a powerful aquatic tail in water.))


Message History

You hit Terence but do no damage.
Terence is lightly wounded.
The quokka bites you but does no damage.
Terence hits you but does no damage. The endoplasm freezes you.
You are frozen.
Unknown command.
You hit Terence.
Terence is moderately wounded.
The quokka bites you.
You hit Terence but do no damage.
Terence is moderately wounded.
Terence zaps a wand.
The bolt of light hits you!!
* * * LOW HITPOINT WARNING * * *
The endoplasm freezes you.
You are frozen.
* * * LOW HITPOINT WARNING * * *
The quokka bites you but does no damage.
You hit Terence.
Terence is moderately wounded.
Terence zaps a wand.
The bolt of light hits you.
* * * LOW HITPOINT WARNING * * *
The endoplasm hits you but does no damage.
The quokka bites you but does no damage.
Unknown command.
You hit Terence but do no damage.
Terence is moderately wounded.
Unknown command.
You hit Terence.
Terence is severely wounded.
The quokka bites you but does no damage.
Terence hits you but does no damage. The endoplasm hits you.
* * * LOW HITPOINT WARNING * * *
Unknown command.
You hit the endoplasm.
The endoplasm is severely wounded.
The quokka bites you but does no damage.
The endoplasm hits you but does no damage.
Terence zaps a wand.
The bolt of light hits you!
You die...

###### ##....#
#.....#
####.....##
#.........#
#.........#
#......J..#
......@♣..#
##....r...#
~.........####
~..#.........##
~. #..........#
# ##..##.##..#
###. #.# #.##..#
###..^ #.#
#..#..####
###.....######.#
##.#.....#


You could see Terence, an endoplasm and a quokka.

Vanquished Creatures
  An ice beast (D:3)
  5 adders (D:2)
  2 worms (D:3)
  2 dart slugs
  An orc (D:3)
  5 endoplasms
  A giant cockroach (D:2)
  6 goblins
  5 hobgoblins
  4 jackals (D:2)
  4 quokkas
  7 ball pythons
  10 bats
  2 frilled lizards (D:2)
  4 kobolds
  6 rats
65 creatures vanquished.

Notes
Turn   | Place    | Note
-------+----------+-------------------------------------------
     0 | D:1      | safid the Merfolk Ice Elementalist began the quest for the
                  | Orb.
     0 | D:1      | Reached XP level 1. HP: 13/13 MP: 3/3
   185 | D:1      | Found Xyxt's Jewellery Emporium.
   228 | D:1      | Reached XP level 2. HP: 20/20 MP: 3/5
   275 | D:1      | Reached skill level 1 in Fighting
   550 | D:2      | Reached XP level 3. HP: 23/26 MP: 3/6
   554 | D:2      | Learned a level 3 spell: Frozen Ramparts
   950 | D:2      | Reached skill level 5 in Ice Magic
   950 | D:2      | Reached XP level 4. HP: 33/33 MP: 2/8
   954 | D:2      | Learned a level 3 spell: Ozocubu's Armour
  1911 | D:3      | Noticed an ice beast
  1949 | D:3      | Killed an ice beast
  1950 | D:3      | Reached XP level 5. HP: 26/41 MP: 5/10
  2154 | D:3      | Noticed Terence
  2164 | D:3      | HP: 2/41 [Terence/+0 hand axe (4)]
  2170 | D:3      | HP: 3/61 [Terence/bolt of light (3)]
  2172 | D:3      | HP: 1/61 [endoplasm (2)]
  2173 | D:3      | Killed from afar by Terence

Illustrated notes

Levels and vault maps discovered:
D:1:      psy_arrival_fountain, layout_rooms, serial_shops, shop
D:2:      minmay_chambers_of_twos, layout_loops_ring
D:3:      layout_rooms, portal_sewer_entry_f, uniq_terence

Skill      XL: |  1  2  3  4 |
---------------+-------------+-----
Fighting       | 1 2 3 |  3.3
Ice Magic      | 5 |  5.6
Spellcasting   | 3 |  3.4
Dodging        | |  2.6
Stealth        | |  2.1

Action                     |  1- 3 |  4- 6 || total
---------------------------+-------+-------++-------
  Melee: Unarmed           |     7 |       ||     7
         Whip              |    79 |    39 ||   118
         Dagger            |       |    68 ||    68
   Cast: Freeze            |    30 |    22 ||    52
         Frozen Ramparts   |       |     3 ||     3
         Ozocubu's Armour  |       |     2 ||     2
    Use: Potion            |       |     4 ||     4
   Stab: Sleeping          |       |     3 ||     3
 Armour: Robe              |    25 |    47 ||    72
         Skin              |       |    11 ||    11
  Dodge: Dodged            |    93 |    80 ||   173
